 Dungeon Crawl Stone Soup version 0.21.1-1-g345015f (webtiles) character file.

330 grindst0ne the Skirmisher (level 6, -7/46 HPs)
             Began as an Octopode Wizard on Feb 22, 2018.
             Was an Initiate of Okawaru.
             Killed by divine providence
             ... invoked by an orc priest
              (8 damage)
             ... on level 3 of the Dungeon.
             The game lasted 00:08:18 (3144 turns).

grindst0ne the Skirmisher (Octopode Wizard)         Turns: 3144, Time: 00:08:19

Health: -7/46      AC:  1    Str:  8    XL:     6   Next: 51%
Magic:  9/10       EV: 13    Int: 21    God:    Okawaru [......]
Gold:   210        SH:  0    Dex: 10    Spells: 8/11 levels left

rFire    . . .     SeeInvis .   f - +0 mace (curse)
rCold    . . .     Gourm    .   (no shield)
rNeg     . . .     Faith    .   a - +0 hat
rPois    .         Spirit   .   (no amulet)
rElec    .         Reflect  .   (no ring)
rCorr    .         Harm     .   (no ring)
MR       .....                  (no ring)
Stlth    +++.......             (no ring)
HPRegen  0.15/turn              (no ring)
MPRegen  0.12/turn              (no ring)
                                (no ring)
                                (no ring)

@: no status effects
A: almost no armour, stealthy swim, amphibious, 8 rings, constrict 8, camouflage
1, gelatinous body 1
a: Renounce Religion


You were on level 3 of the Dungeon.
You worshipped Okawaru.
Okawaru was noncommittal.
You were not hungry.

You visited 1 branch of the dungeon, and saw 3 of its levels.

You collected 210 gold pieces.

Inventory:

Hand Weapons
 f - a cursed +0 mace (weapon)
 q - a +1 mace of protection
Armour
 a - a +0 hat (worn)
Scrolls
 d - a scroll of fog
 l - a scroll of remove curse {unknown}
 m - 2 scrolls of teleportation
Potions
 e - a potion of ambrosia
 g - a potion of might
 h - a potion of agility
 j - 2 potions of lignification {unknown}
 k - a potion of brilliance {unknown}
Books
 b - a book of Minor Magic

   Spells                             Type                      Level
   a - Magic Dart                     Conjuration                  1
   b - Blink                          Translocation                2
   c - Call Imp                       Summoning                    2
   d - Slow                           Hexes                        2
   e - Conjure Flame                  Conjuration/Fire             3
   f - Mephitic Cloud                 Conjuration/Poison/Air       3
Comestibles
 c - 7 rations


   Skills:
 + Level 6.2 Fighting
 - Level 2.0 Dodging
 - Level 2.6 Stealth
 - Level 3.0 Spellcasting
 - Level 1.0 Conjurations
   Level 1.0 Summonings
 + Level 1.1 Translocations


You had 8 spell levels left.
You knew the following spells:

 Your Spells              Type           Power        Failure   Level  Hunger
a - Magic Dart            Conj           #...         9%          1    None
b - Blink                 Tloc           N/A          12%         2    ##.....


Dungeon Overview and Level Annotations

Branches:
Dungeon (3/15)

Altars:
Ashenzari
Dithmenos
Gozag
Kikubaaqudgha
Makhleb
Okawaru
Qazlal
Xom
The Shining One


Innate Abilities, Weirdness & Mutations

You cannot wear most types of armour.
You are very stealthy in the water. (Stealth+)
You are amphibious.
You can wear up to eight rings at the same time.
You can use your tentacles to constrict eight enemies at once.
Your skin changes colour to match your surroundings (Stealth+).
Your rubbery body absorbs attacks. (AC +1, EV +1)


Message History

You hit the orc priest but do no damage.
The orc priest is moderately wounded.
You constrict the orc priest.
The orc priest hits you with a falchion.
* * * LOW HITPOINT WARNING * * *
You hit the orc priest.
The orc priest is severely wounded.
You constrict the orc priest, but do no damage.
The orc priest barely misses you.
You hit the orc priest but do no damage.
The orc priest is severely wounded.
You constrict the orc priest. The orc priest misses you.
The orc priest hits you with a falchion.
* * * LOW HITPOINT WARNING * * *
You hit the orc priest but do no damage.
The orc priest is almost dead.
You constrict the orc priest.
The orc priest invokes the aid of Beogh against you.
Beogh smites you!
You die...

# ####.####
#.......#
#####+### # #@#
#.........#
#o###.###.###.###
#.........#.....
#.###.........#
#.# #.#.......#
#..o....#
#.##[.....#
#########
#.###.....# #.#
#.....# #.#
#.....#


You could see an orc priest.

Vanquished Creatures
  A crimson imp (D:3)
  A hound (D:2)
  Crazy Yiuf (D:2)
  Jessica (D:2)
  Terence (D:3)
  Natasha (thrice) (D:2)
  Robin (D:2)
  2 adders (D:3)
  A worm (D:2)
  4 dart slugs
  A leopard gecko (D:2)
  2 orcs (D:3)
  3 bats
  7 giant cockroaches
  14 goblins
  10 hobgoblins
  4 jackals (D:1)
  A quokka (D:3)
  2 frilled lizards (D:1)
  8 kobolds
  3 rats (D:1)
  A fungus (D:2)
72 creatures vanquished.

Notes
Turn   | Place    | Note
-------+----------+-------------------------------------------
     0 | D:1      | grindst0ne the Octopode Wizard began the quest for the Orb.
     0 | D:1      | Reached XP level 1. HP: 11/11 MP: 4/4
    55 | D:1      | Reached skill level 1 in Fighting
    91 | D:1      | Reached XP level 2. HP: 18/18 MP: 1/6
   178 | D:1      | Reached skill level 2 in Fighting
   295 | D:1      | Reached XP level 3. HP: 14/25 MP: 0/7
   543 | D:1      | Reached skill level 3 in Fighting
   826 | D:2      | Found an ancient bone altar of Kikubaaqudgha.
   827 | D:2      | Noticed Jessica
   829 | D:2      | Noticed Natasha
   851 | D:2      | Killed Natasha
   851 | D:2      | Reached XP level 4. HP: 13/32 MP: 5/8
  1150 | D:2      | Killed Jessica
  1150 | D:2      | Reached skill level 4 in Fighting
  1151 | D:2      | Noticed Natasha
  1160 | D:2      | Killed Natasha
  1358 | D:2      | Reached XP level 5. HP: 26/38 MP: 5/9
  1662 | D:2      | Noticed Natasha
  1669 | D:2      | Killed Natasha
  1679 | D:2      | Found an opulent altar of Gozag.
  1680 | D:2      | Found a glowing golden altar of the Shining One.
  1728 | D:2      | Found a stormy altar of Qazlal.
  1734 | D:2      | Reached skill level 5 in Fighting
  1739 | D:2      | Noticed a water elemental
  1739 | D:2      | Noticed an air elemental
  1739 | D:2      | Noticed a fire elemental
  1749 | D:2      | Found a shadowy altar of Dithmenos.
  1777 | D:2      | Found a shattered altar of Ashenzari.
  1969 | D:2      | Found an iron altar of Okawaru.
  1981 | D:2      | Became a worshipper of Warmaster Okawaru
  2173 | D:2      | Found a burning altar of Makhleb.
  2228 | D:2      | Noticed Robin
  2246 | D:2      | Killed Robin
  2577 | D:2      | Found a runed door.
  2581 | D:2      | Noticed Crazy Yiuf
  2592 | D:2      | Killed Crazy Yiuf
  2592 | D:2      | Reached XP level 6. HP: 35/46 MP: 0/10
  2653 | D:3      | Noticed Terence
  2668 | D:3      | Killed Terence
  2705 | D:3      | Found a shimmering altar of Xom.
  2728 | D:3      | Reached skill level 6 in Fighting
  2775 | D:3      | Learned a level 2 spell: Blink
  3138 | D:3      | HP: 2/46 [orc priest/falchion (4)]
  3143 | D:3      | HP: 1/46 [orc priest/falchion (6)]
  3144 | D:3      | Killed from afar by an orc priest

Skill      XL: |  1  2  3  4  5  6 |
---------------+-------------------+-----
Fighting       | 1 2 3 4 5 6 |  6.2
Dodging        | |  2.0
Stealth        | |  2.6
Spellcasting   | |  3.0
Conjurations   | |  1.0
Summonings     | |  1.0
Translocations | |  1.1

Action                   |  1- 3 |  4- 6 || total
-------------------------+-------+-------++-------
Melee: Unarmed           |     5 |       ||     5
       Mace              |    54 |   106 ||   160
       Constrict         |    14 |    23 ||    37
       Tentacles         |     6 |    15 ||    21
 Cast: Magic Dart        |    37 |    62 ||    99
  Use: Scroll            |       |     6 ||     6
       Potion            |       |     1 ||     1
 Stab: Sleeping          |     4 |     2 ||     6
  Eat: Chunk             |       |     7 ||     7
Armor: Skin              |     5 |     8 ||    13
Dodge: Dodged            |    58 |    87 ||   145
